 Dungeon Crawl Stone Soup version 0.18.1-8-gdd0e5ea (webtiles) character file.

125 sveltemanboy the Poker (level 5, -4/67 HPs)
             Began as a Hill Orc Fighter on May 26, 2016.
             Was an Initiate of Okawaru.
             Killed from afar by an orc wizard (5 damage)
             ... with a puff of flame
             ... on level 3 of the Dungeon.
             The game lasted 00:06:49 (2140 turns).

sveltemanboy the Poker (Hill Orc Fighter)           Turns: 2140, Time: 00:06:49

Health: -4/67      AC: 22    Str: 25    XL:     5   Next: 9%
Magic:  5/5        EV:  2    Int:  8    God:    Okawaru [......]
Gold:   57         SH: 10    Dex: 15    Spells: 0 memorised, 4 levels left

rFire  . . .     SeeInvis .     a - +0 trident
rCold  . . .     Gourm    .     (armour currently unavailable)
rNeg   + + +     Faith    .     c - +0 shield
rPois  +         Spirit   .     (helmet currently unavailable)
rElec  .         Dismiss  .     (cloak currently unavailable)
rCorr  .         Reflect  .     (gloves currently unavailable)
SustAt .         Harm     .     (boots currently unavailable)
MR     .....     NoTele   +     (no amulet)
Stlth  ++........               (no ring)
                                (no ring)

@: mighty, agile, tree-form, not resistant to hostile enchantments, unstealthy
A: no striking features
a: Renounce Religion


You were on level 3 of the Dungeon.
You worshipped Okawaru.
Okawaru was noncommittal.
You were not hungry.
You were a tree.
You visited 1 branch of the dungeon, and saw 3 of its levels.

You collected 57 gold pieces.

Inventory:

Hand Weapons
 a - a +0 trident (weapon)
Armour
 b - a +0 scale mail (melded)
 c - a +0 shield (worn)
 p - a +0 cloak
Scrolls
 h - a scroll of random uselessness {unknown}
 i - a scroll of identify {unknown}
 j - a scroll of magic mapping {unknown}
 m - a scroll of noise {unknown}
 n - a scroll of teleportation {unknown}
Potions
 d - a potion of might
Comestibles
 f - 2 bread rations
 g - a beef jerky
 k - a meat ration
 o - 2 chunks of flesh


   Skills:
 - Level 3.6 Fighting
 * Level 4.5 Polearms
 - Level 3.2 Armour
 * Level 4.4 Shields
 + Level 1.0 Invocations


You had 4 spell levels left.
You didn't know any spells.

Dungeon Overview and Level Annotations

Branches:
Dungeon (3/15)

Altars:
Ashenzari
Elyvilon
Okawaru
Zin


Message History

Helpless, you fail to dodge the puff of frost.
* * * LOW HITPOINT WARNING * * *
You hear some strange, mumbled words.
A puff of flame appears from out of thin air!
The puff of flame hits you!
* * * LOW HITPOINT WARNING * * *
You puncture something!
You hear some strange, mumbled words.
A magic dart appears from out of thin air!
The magic dart hits you!
* * * LOW HITPOINT WARNING * * *
You barely miss something.
You hear some strange, mumbled words.
A puff of flame appears from out of thin air!
The puff of flame hits you!
* * * LOW HITPOINT WARNING * * *
You hear some strange, mumbled words.
A puff of flame appears from out of thin air!
Helpless, you fail to dodge the puff of flame.
You die...

..[.# ...##. .
## ..... ##..
##.##...##...
###..#.......#
.#......#.#..#
.........{[..#
#.....#♣#.#
#.........##
##..........#
.............#
.#...........#
.............#
.#.........<.#
.............#
###..........#


There were no monsters in sight!

Vanquished Creatures
  5 adders
  An ooze (D:2)
  3 worms
  3 dart slugs (D:2)
  3 giant geckos
  4 orcs (D:3)
  A ball python (D:1)
  7 bats
  5 giant cockroaches
  A goblin (D:1)
  8 hobgoblins
  2 jackals (D:2)
  4 kobolds
  A quokka (D:2)
  2 giant newts
  6 rats
56 creatures vanquished.

Notes
Turn   | Place    | Note
--------------------------------------------------------------
     0 | D:1      | sveltemanboy the Hill Orc Fighter began the quest for the Orb.
     0 | D:1      | Reached XP level 1. HP: 19/19 MP: 1/1
   239 | D:1      | Reached XP level 2. HP: 20/26 MP: 2/2
   448 | D:1      | Reached XP level 3. HP: 25/31 MP: 3/3
   931 | D:2      | Reached XP level 4. HP: 39/39 MP: 4/4
  1200 | D:2      | Found a glowing silver altar of Zin.
  1203 | D:2      | Found a white marble altar of Elyvilon.
  1206 | D:2      | Found a shattered altar of Ashenzari.
  1211 | D:2      | Found an iron altar of Okawaru.
  1215 | D:2      | Became a worshipper of Warmaster Okawaru
  2098 | D:3      | Reached skill level 1 in Invocations
  2129 | D:3      | Reached XP level 5. HP: 18/45 MP: 5/5
  2140 | D:3      | HP: 1/67 [something/puff of flame (8)]
  2140 | D:3      | Killed from afar by an orc wizard

Skill      XL: |  1  2  3  4 |
---------------+-------------+-----
Polearms       | 3 4 |  4.5
Shields        | 4 |  4.4
Invocations    | 1 |  1.0
Fighting       | |  3.6
Armour         | |  3.2

Action                   |  1- 3 |  4- 6 || total
-------------------------+-------+-------++-------
Melee: Trident           |    98 |   137 ||   235
  Use: Potion            |       |     3 ||     3
  Eat: Chunk             |       |     4 ||     4
Armor: Scale mail        |    32 |    58 ||    90
       Skin              |       |    11 ||    11
Dodge: Dodged            |    22 |    37 ||    59
Block: Shield            |    31 |    68 ||    99
